 Dungeon Crawl Stone Soup version 0.29-a0-557-g43b9904bd1 (webtiles) character file.

Game seed: 3984768619434950846

32 spiderkeys the Ducker (level 3, -4/22 HPs)
             Began as a Deep Elf Abyssal Knight on June 9, 2022.
             Was a Priest of Lugonu.
             Killed from afar by Natasha (7 damage)
             ... with a magic dart
             ... on level 2 of the Dungeon.
             The game lasted 00:03:19 (1021 turns).

spiderkeys the Ducker (Deep Elf Abyssal Knight)     Turns: 1021, Time: 00:03:20

Health: -4/22      AC:  3    Str: 10    XL:     3   Next: 10%
Magic:  7/7        EV: 12    Int: 16    God:    Lugonu [***...]
Gold:   43         SH:  0    Dex: 15    Spells: 4/4 levels left

rFire   . . .      SeeInvis .   a - +1 short sword
rCold   . . .      Faith    .   (no shield)
rNeg    . . .      Spirit   .   d - +0 leather armour
rPois   .          Reflect  .   (no helmet)
rElec   .          Harm     .   (no cloak)
rCorr   .          Rampage  .   (no gloves)
Will    .....                   (no boots)
Stlth   +.........              (no amulet)
HPRegen 0.07/turn               Z - ring of wizardry
MPRegen 0.10/turn               (no ring)

@: no status effects
A: no striking features
a: Renounce Religion, Depart the Abyss, Bend Space, Banish


You were on level 2 of the Dungeon.
You worshipped Lugonu.
Lugonu was most pleased with you.
You visited 1 branch of the dungeon, and saw 2 of its levels.
You visited the Abyss 1 time.

You collected 43 gold pieces.


   Skills:
 + Level 2.6 Fighting
 + Level 2.3 Short Blades
 - Level 0.7 Armour
 + Level 2.9 Dodging
 + Level 1.4 Spellcasting
 + Level 2.4 Invocations


You had 4 spell levels left.
You didn't know any spells.
Your spell library was empty.

Inventory:

Hand Weapons
 a - a +1 short sword (weapon)
 b - a +0 hunting sling
   (You found it on level 1 of the Dungeon)
Missiles
 h - a throwing net {=f!f}
 i - 32 stones
Armour
 d - a +0 leather armour (worn)
Jewellery
 Z - a ring of wizardry (left hand)
   (You found it on level 1 of the Dungeon)
Scrolls
 c - a scroll of fear {unknown}
 f - a scroll of magic mapping {unknown}
 g - 2 scrolls of identify {unknown}
 l - a scroll of enchant armour {unknown}
Potions
 e - a potion of flight {unknown}
 j - a potion of mutation {unknown}
 k - 2 potions of cancellation {unknown}

Dungeon Overview and Level Annotations

Branches:
Dungeon (2/15)

Altars:

Annotations:
D:2 Natasha

# ......
####.##
..##.########
.......
#.#........<#
.......
#.#..########
.......
#.#......#
.......
#)#.####.#
.######
#........# .#
####g###..#
.# #.5@..)# #
##
###h##....#
#5# .#..# #.#
# ## ..# ...
####


You could see Natasha, 2 shadow imps and a goblin.


Message History

There is a stone staircase leading down here.
You climb downwards.
There is a stone staircase leading up here.
A ball python comes into view.
b - a +0 hunting sling (weapon)
Fire: b) +0 hunting sling
Press: ? - help, Q - select action, (/) - cycle Shift-Dir - straight line, f - ball python
Aim: a ball python (asleep, 98% to hit)
You shoot a sling bullet. The sling bullet hits the ball python!
You kill the ball python!
Lugonu accepts your kill.
Fire: b) +0 hunting sling
Press: ? - help, Q - select action, (/) - cycle Shift-Dir - straight line, f - you That would be overly suicidal.
Okay, then.
Unknown command.
A kobold comes into view. It is wielding a +0 club.
The kobold shouts!
You hear a shout!
Fire: b) +0 hunting sling
Press: ? - help, Q - select action, (/) - cycle Shift-Dir - straight line, f - kobold
Aim: a kobold, wielding a +0 club (47% to hit)
You shoot a sling bullet.
The sling bullet hits the kobold but does no damage.
Fire: b) +0 hunting sling
Press: ? - help, Q - select action, (/) - cycle Shift-Dir - straight line, f/p - kobold
Aim: a kobold, wielding a +0 club (47% to hit)
You shoot a sling bullet. The sling bullet hits the kobold.
Fire: b) +0 hunting sling
Press: ? - help, Q - select action, (/) - cycle Shift-Dir - straight line, f/p - kobold
Aim: a kobold, wielding a +0 club (severely wounded, 47% to hit)
You shoot a sling bullet.
The sling bullet closely misses the kobold.
The kobold closely misses you.
a - a +1 short sword (weapon)
You hit the kobold.
You kill the kobold!
Lugonu accepts your kill.
No target in view!
No target in view!
Things that are here:
a +0 club; a kobold corpse Natasha, Servant of Life and Death comes into view.
b - a +0 hunting sling (weapon)
Natasha hisses angrily.
Natasha howls an incantation.
You feel troubled.
Fire: b) +0 hunting sling
Press: ? - help, Q - select action, (/) - cycle Shift-Dir - straight line, f - Natasha
Aim: Natasha (47% to hit)
You shoot a sling bullet. The sling bullet hits Natasha.
Natasha extends her claws.
Fire: b) +0 hunting sling
Press: ? - help, Q - select action, (/) - cycle Shift-Dir - straight line, f/p - Natasha
Aim: Natasha (moderately wounded, 47% to hit)
You shoot a sling bullet.
The sling bullet hits Natasha but does no damage.
Natasha barely misses you.
a - a +1 short sword (weapon)
You barely miss Natasha.
A goblin comes into view. It is wielding a +0 dagger.
Natasha mumbles some strange words.
You barely miss Natasha. Natasha claws you but does no damage.
You closely miss Natasha. Natasha claws you. 😕 HP[-1]
You take 1 damage, and now have 21/22 hp.
You barely miss Natasha. The goblin barely misses you.
Natasha howls an incantation.
Natasha's front paws start to glow.
Natasha claws you! 😮 HP[-7]
You take 7 damage, and now have 14/22 hp.
MASSIVE DAMAGE!! (PAUSE)
You hit Natasha but do no damage. Natasha completely misses you.
The goblin misses you.
You closely miss Natasha. The goblin misses you.
Natasha mumbles some strange words.
You puncture Natasha! The goblin hits you with a +0 dagger.
* * * LOW HITPOINT WARNING * * *
Natasha claws you.
* * * LOW HITPOINT WARNING * * *
The shadow imp gestures at you. Pain shoots through your body!
* * * LOW HITPOINT WARNING * * *
😱 HP[-10]
You take 10 damage, and now have 4/22 hp.
MASSIVE DAMAGE!! (PAUSE)
Okay, then.
You barely miss Natasha. Natasha casts a spell at you.
You resist with some effort. The goblin hits you with a +0 dagger.
* * * LOW HITPOINT WARNING * * *
😱 HP[-1]
You take 1 damage, and now have 3/22 hp.
You miss Natasha. Natasha barely misses you.
The goblin hits you but does no damage.
You barely miss Natasha. The shadow imp barely misses you.
The goblin misses you.
Natasha stares at you and mumbles some strange words.
The magic dart hits you!
You die...

Skill      XL: |  1  2 |
---------------+-------+-----
Spellcasting   | 1 |  1.4
Fighting       | |  2.6
Short Blades   | |  2.3
Armour         | |  0.7
Dodging        | |  2.9
Invocations    | |  2.4

Action                   || total
-------------------------++-------
Melee: Short sword       ||    56
 Fire: Hunting sling     ||    51
 Stab: Sleeping          ||     3
Armor: Leather armour    ||    16
Dodge: Dodged            ||    42

Levels and vault maps discovered:
D:1:      scummos_arrival_simple_fountains, layout_loops_cross,
          shapermc_ecumenical_altar_pompeii, minmay_tetromino_i2
D:2:      layout_basic, basic_altar, uniq_jessica, uniq_natasha

Notes
Turn   | Place    | Note
-------+----------+-------------------------------------------
     0 | Abyss:1  | spiderkeys the Deep Elf Abyssal Knight began the quest for
                  | the Orb.
     0 | Abyss:1  | Reached XP level 1. HP: 13/13 MP: 4/4
     0 | Abyss:1  | magus.rc [v1.11.3]
     6 | D:1      | You pass through the gate.
     6 | D:1      | Escaped the Abyss
   381 | D:1      | Reached XP level 2. HP: 17/18 MP: 5/5
   424 | D:1      | Found a faded altar of an unknown god.
   434 | D:1      | Reached skill level 1 in Spellcasting
   786 | D:1      | Reached XP level 3. HP: 22/22 MP: 7/7
   949 | D:2      | Reached *** piety under Lugonu
  1007 | D:2      | Noticed Natasha
  1018 | D:2      | HP: 4/22 [shadow imp/nerve-wracking pain[Natasha] (3)]
  1021 | D:2      | Killed from afar by Natasha

Vanquished Creatures
  3 endoplasms (D:1)
  5 giant cockroaches (D:1)
  A goblin (D:1)
  2 jackals (D:1)
  3 kobolds
  3 quokkas (D:1)
  3 ball pythons
  3 bats (D:1)
  2 frilled lizards (D:1)
  3 rats (D:1)
28 creatures vanquished.

Table legend:
 A = Non-vault XP
 B = Vault XP
 C = Vault XP percentage of total XP
 D = Non-vault monster count
 E = Vault monster count
 F = Vault count percentage of total count
                 A         B        C        D         E       F
            +---------+---------+-------+---------+---------+-------
      Total |      45 |       2 |   4.3 |      27 |       1 |   3.6
            +---------+---------+-------+---------+---------+-------
        D:1 |      40 |       2 |   4.8 |      24 |       1 |   4.0
        D:2 |       5 |       0 |   0.0 |       3 |       0 |   0.0
            +---------+---------+-------+---------+---------+-------

Illustrated notes

Table legend:
 A = Kills in this place as a percentage of kills in entire the game.
 B = Kills by you in this place as a percentage of kills by you in the entire game.
 C = Kills by friends in this place as a percentage of kills by friends in the entire game.
 D = Other kills in this place as a percentage of other kills in the entire game.
 E = Experience gained in this place as a percentage of experience gained in the entire game.
 F = Experience gained in this place divided by the number of levels of this place that you have seen.
                   A       B       C       D       E      F
               +-------+-------+-------+-------+-------+----------------------
         Total | 100.0 | 100.0 |   N/A |   N/A | 100.0 |  15.7
       Dungeon | 100.0 | 100.0 |   N/A |   N/A | 100.0 |  23.5
               +-------+-------+-------+-------+-------+----------------------

Table legend: (Time is in decaauts)
 A = Elapsed time spent in this place.
 B = Non-inter-level travel time spent in this place.
 C = Inter-level travel time spent in this place.
 D = Time resting spent in this place.
 E = Time spent auto-exploring this place.
 F = Levels seen in this place.
 G = Mean time per level.
                   A        B        C        D        E       F      G
               +--------+--------+--------+--------+--------+-----+--------+
         Total |   1034 |    958 |     76 |      0 |    703 |   3 |  344.7 |
       Dungeon |   1028 |    952 |     76 |      0 |    703 |   2 |  514.0 |
         Abyss |      6 |      6 |      0 |      0 |      0 |   1 |    6.0 |
               +--------+--------+--------+--------+--------+-----+--------+

Top non-repeatable levels by time:
     D:1: 980 daAuts
     D:2: 47 daAuts
 Abyss:1: 6 daAuts
